 Dungeon Crawl Stone Soup version 0.32-a0-131-g9dbbe29261 (webtiles) character file.

Game seed: 11401317953424372882

42618 DailyAlice12 the Bludgeoner (level 13, -26/114 HPs)
             Began as a Minotaur Berserker on Feb 8, 2024.
             Was a High Priest of Trog.
             Killed from afar by a ynoxinul (40 damage)
             ... with an iron shot
             ... summoned by an orc sorcerer
             ... led by an orc high priest
             ... on level 1 of the Orcish Mines on Feb 9, 2024.
             The game lasted 01:05:40 (16982 turns).

DailyAlice12 the Bludgeoner (Minotaur Berserker)   Turns: 16982, Time: 01:05:44

Health: -26/114    AC: 16    Str: 22    XL:     13   Next: 86%
Magic:  12/12      EV: 20    Int:  4    God:    Trog [*****.]
Gold:   1105       SH: 13    Dex: 15    Spells: 12/12 levels left

rFire   . . .        D - +4 flail (drain)
rCold   + . .        s - +2 buckler {AC+3}
rNeg    . . .        L - +2 scale mail {rC+}
rPois   .            m - +2 hat
rElec   .            q - +1 cloak
rCorr   .            f - +1 pair of gloves
SInv    .            y - +2 pair of boots {rampage}
Will    .....        P - amulet of reflection
Stlth   +            l - +4 ring of protection
HPRegen 0.39/turn    u - +5 ring of evasion
MPRegen 0.13/turn

%: reflection, rampage
@: mighty, about to teleport, corroded, on berserk cooldown
A: horns 2, retaliatory headbutt, hooves 1, frail 1, wild magic 1, sturdy frame
1
a: Renounce Religion, Berserk, Trog's Hand, Brothers in Arms


You were on level 1 of the Orcish Mines.
You worshipped Trog.
Trog was extremely pleased with you.
You visited 3 branches of the dungeon, and saw 18 of its levels.

You collected 1349 gold pieces.
You spent 244 gold pieces at shops.

Inventory:

Hand Weapons
 a - a +0 mace
 b - a +1 mace of holy wrath
 A - a +2 morningstar
 D - a +4 flail of draining (weapon)
Missiles
 G - 3 throwing nets (quivered)
Armour
 e - an orb of mayhem
 f - a +1 pair of gloves (worn)
 m - a +2 hat (worn)
 q - a +1 cloak (worn)
 s - a +2 buckler of protection (worn)
 x - a +0 chain mail
 y - a +2 pair of boots of rampaging (worn)
 L - a +2 scale mail of cold resistance (worn)
Jewellery
 l - a +4 ring of protection (left hand)
 u - a +5 ring of evasion (right hand)
 E - a ring of fire
 P - an amulet of reflection (around neck)
 R - a ring of see invisible
 T - a ring of willpower
 X - a +4 ring of protection
 Y - an amulet of guardian spirit
Wands
 d - a wand of iceblast (19)
 t - a wand of mindburst (19)
 B - a wand of quicksilver (17)
 H - a wand of paralysis (14)
 M - a wand of flame (13)
 N - a wand of polymorph (3)
 Z - a wand of digging (3)
Scrolls
 h - 4 scrolls of blinking
 i - a scroll of fog
 j - 2 scrolls of fear
 o - 3 scrolls of vulnerability
 r - 5 scrolls of teleportation
 v - 5 scrolls of identify
 K - 5 scrolls of poison
 O - 2 scrolls of immolation
 S - a scroll of torment
 W - a scroll of butterflies
Potions
 c - 2 potions of berserk rage
 g - 3 potions of might
 k - 3 potions of curing
 n - 3 potions of attraction
 p - a potion of invisibility
 w - 4 potions of cancellation
 z - 2 potions of degeneration
 C - 4 potions of haste
 I - 4 potions of lignification
 J - a potion of mutation
 Q - a potion of magic {unknown}
 V - 2 potions of enlightenment


   Skills:
 - Level 15.3 Fighting
 - Level 16.0 Maces & Flails
 - Level 10.7 Armour
 - Level 9.9 Dodging
 + Level 9.0 Shields
 + Level 6.8 Evocations


You had 12 spell levels left.
You didn't know any spells.
Your spell library was empty.

Dungeon Overview and Level Annotations

Branches:
Dungeon (13/15)            Temple (0/1) D:7            Lair (4/5) D:11
  Swamp (0/4) Lair:3        Snake (0/4) Lair:2          Orc (1/2) D:12
  Slime: Lair:4-5    Vaults: D:13-14

Altars:
Dithmenos
Elyvilon
Fedhas
Kikubaaqudgha
Qazlal
Xom
Yredelemnul
The Shining One

Shops:
D:2 !   D:3 *   D:7 [

Annotations:
D:1 2 runed translucent doors
D:8 3 runed translucent doors, DeathSocks's ghost, novice DsBr
D:12 3 runed translucent doors, grandjackal's ghost, journeyman DsGl


Innate Abilities, Weirdness & Mutations

You have a pair of horns on your head.
You reflexively headbutt those who attack you in melee.
You have large cloven feet.
You are frail. (-10% HP)
Your spells are a little harder to cast, but a little more powerful.
Your movements are slightly less encumbered by armour. (ER -2)


Message History

You feel very mighty all of a sudden.
The orc sorcerer no longer looks unusually strong.
The orc sorcerer casts a spell at you.
The bolt of fire misses the rust devil.
The bolt of fire hits the orc!!!
The orc dies!
The bolt of fire hits you!!
* * * LOW HITPOINT WARNING * * *
The soul eater draws from the surrounding life force!
* * * LOW HITPOINT WARNING * * *
Your ogre hits the rust devil with a +0 giant club!!
The rust devil barely misses your ogre. The ogre closely misses you.
You furiously retaliate!
You headbutt the ogre, but do no damage.
You feel much better.
The hellwing disappears in a puff of smoke!
Your ogre hits the rust devil with a +0 giant club.
The rust devil hits your ogre. The rust devil corrodes your ogre!
The orc warrior completely misses you.
The orc sorcerer mumbles some strange words.
The ogre completely misses you.
Your ogre hits the rust devil with a +0 giant club.
The rust devil dies!
The rust devil disappears in a puff of smoke!
The smoke demon gestures at you. Something smites you!
* * * LOW HITPOINT WARNING * * *
As you read the scroll of teleportation, it crumbles to dust.
You feel strangely unstable. You block the orc warrior's attack.
The orc sorcerer hits your ogre with a +0 dagger!
Your ogre barely misses the orc sorcerer.
The ynoxinul completely misses you.
The orc warrior hits your ogre with a +0 long sword!
You feel yourself speed up.
Your ogre closely misses the orc sorcerer.
The orc high priest intones a terrible prayer.
The orc warrior hits your ogre with a +0 long sword!
Your ogre misses the orc sorcerer. The ynoxinul gestures at you.
The iron shot hits you!!!
You die...

****,,....### *,,*,,....o.##
##### #
**,,,,..oo..o####.#.####
*****,,,**#..o34).......##.
**,*,,,,** #..oooo.##.#...#.
*,*,.,,***####oo3o.#####....
***,...,*,#..o.o#o.# ##..#.
**.....##..OO##### #...#.
**#.....@3..#,* ##.##.
#..#........#* ###..
**,##......## ##.
***#...#.## #. #.##### ##
##,,* # ****


You could see 2 soul eaters, an orc high priest, an ice devil (summoned), a
ynoxinul (summoned), 2 orc sorcerers, 4 orc warriors, an ogre, 2 orcs and a
friendly ogre (summoned, berserk, corroded).

Vanquished Creatures
  Gastronok (Lair:1)
  Fannar (D:10)
  2 hydras (Lair:4)
  Erica (Lair:1)
  4 boulder beetles
  3 two-headed ogres
  Nergalle (Lair:3)
  A skyshark (Lair:4)
  2 ugly things
  An orc knight (Orc:1)
  A manticore (D:11)
  A cyclops (Orc:1)
  2 kobold blastminers (Orc:1)
  16 elephants
  A black mamba (Lair:3)
  A gargoyle (D:10)
  8 cane toads
  9 komodo dragons
  2 rime drakes
  An unseen horror (D:12)
  Psyche (D:12)
  A polar bear (Lair:2)
  A hornet (D:9)
  4 trolls
  8 blink frogs
  9 slime creatures
  A shadow (D:10)
  A vampire (D:12)
  3 basilisks
  A wraith (D:10)
  3 wyverns
  24 yaks
  2 steam dragons
  A warg (Orc:1)
  Menkaure (D:5)
  8 vampire mosquitoes
  An acid dragon (D:9)
  2 nagas (Lair:2)
  13 water moccasins
  2 ice beasts
  8 orc warriors
  3 sky beasts
  A black bear (Lair:1)
  14 wolves
  2 phantoms (D:7)
  5 centaurs
  Blork the orc (D:5)
  13 bullfrogs
  3 kobold brigands
  4 scorpions
  A gnoll sergeant (D:5)
  5 wights (D:8)
  21 killer bees
  4 electric eels
  2 howler monkeys (D:9)
  A bombardier beetle (D:2)
  7 hounds
  3 jellies
  10 orc priests
  Crazy Yiuf (D:4)
  2 gnoll boudas
  A sleepcap (D:5)
  3 iguanas
  Ijyb (D:5)
  18 orc wizards
  15 gnolls
  8 adders
  4 white imps
  A dart slug (D:2)
  A ribbon worm (D:5)
  42 orcs
  9 ball pythons
  6 endoplasms
  2 giant cockroaches (D:2)
  7 goblins
  3 hobgoblins
  A quokka (D:3)
  6 bats
  2 frilled lizards
  20 kobolds
  6 rats
413 creatures vanquished.

Vanquished Creatures (others)
  An orc (Orc:1)
1 creature vanquished.

Grand Total: 414 creatures vanquished

Notes
Turn   | Place    | Note
-------+----------+-------------------------------------------
     0 | D:1      | DailyAlice12 the Minotaur Berserker began the quest for the
                  | Orb.
     0 | D:1      | Reached XP level 1. HP: 19/19 MP: 0/0
    32 | D:1      | Found a large runed translucent door.
    32 | D:1      | Found a large runed translucent door.
    86 | D:1      | Reached skill level 4 in Maces & Flails
   442 | D:1      | Reached XP level 2. HP: 26/26 MP: 1/1
  1086 | D:2      | Reached skill level 5 in Maces & Flails
  1092 | D:2      | Reached XP level 3. HP: 31/31 MP: 2/2
  1260 | D:2      | Reached ** piety under Trog
  1478 | D:2      | Found Sahott's Distillery.
  1488 | D:2      | Reached skill level 6 in Maces & Flails
  1488 | D:2      | Reached XP level 4. HP: 38/39 MP: 3/3
  1587 | D:2      | Bought a potion of curing for 42 gold pieces
  2058 | D:3      | Reached XP level 5. HP: 42/46 MP: 4/4
  2388 | D:3      | Identified the +1 pair of boots of Theory {rElec rF+ Int-3}
  2420 | D:3      | Found a white marble altar of Elyvilon.
  2420 | D:3      | Found a shimmering altar of Xom.
  2466 | D:3      | Found Ineupif's General Store.
  2918 | D:4      | Noticed a sky beast
  2938 | D:4      | Killed a sky beast
  2939 | D:4      | Reached skill level 7 in Maces & Flails
  2939 | D:4      | Reached XP level 6. HP: 26/53 MP: 5/5
  3159 | D:4      | Found a stormy altar of Qazlal.
  3355 | D:4      | Reached skill level 5 in Fighting
  3469 | D:4      | Found a runed translucent door.
  3470 | D:4      | Noticed Crazy Yiuf
  3478 | D:4      | Killed Crazy Yiuf
  3907 | D:4      | Gained mutation: You are frail. (-10% HP) [potion of
                  | mutation]
  3907 | D:4      | Gained mutation: Your spells are a little harder to cast,
                  | but a little more powerful. [potion of mutation]
  3907 | D:4      | Gained mutation: Your system is resistant to poisons.
                  | (rPois) [potion of mutation]
  3907 | D:4      | Gained mutation: You have hidden genetic potential. [potion
                  | of mutation]
  3908 | D:4      | Lost mutation: Your system is resistant to poisons. (rPois)
                  | [potion of mutation]
  3908 | D:4      | Lost mutation: You have hidden genetic potential. [potion
                  | of mutation]
  3908 | D:4      | Gained mutation: Your movements are slightly less
                  | encumbered by armour. (ER -2) [potion of mutation]
  3908 | D:4      | Gained mutation: You have large cloven feet. [potion of
                  | mutation]
  3915 | D:5      | Entered Level 5 of the Dungeon
  3970 | D:5      | Noticed Ijyb
  3977 | D:5      | Killed Ijyb
  4026 | D:5      | Reached XP level 7. HP: 51/54 MP: 6/6
  4183 | D:5      | Noticed Menkaure
  4192 | D:5      | Killed Menkaure
  4193 | D:5      | Reached skill level 8 in Maces & Flails
  4256 | D:5      | Noticed Blork the orc
  4263 | D:5      | Killed Blork the orc
  4531 | D:5      | Reached XP level 8. HP: 58/63 MP: 7/7
  5050 | D:6      | Reached skill level 9 in Maces & Flails
  5244 | D:6      | Found a blossoming altar of Fedhas.
  5245 | D:6      | Found a shadowy altar of Dithmenos.
  5300 | D:6      | Reached skill level 5 in Armour
  5865 | D:7      | Reached skill level 5 in Dodging
  5945 | D:7      | Reached XP level 9. HP: 51/73 MP: 8/8
  5974 | D:7      | Reached skill level 10 in Maces & Flails
  6250 | D:7      | Found a basalt altar of Yredelemnul.
  6359 | D:7      | Found a staircase to the Ecumenical Temple.
  6417 | D:7      | Reached *** piety under Trog
  6461 | D:7      | Found Doiwkue's Antique Armour Shoppe.
  6468 | D:7      | Bought a pair of runed boots for 202 gold pieces
  6480 | D:7      | Found a glowing golden altar of the Shining One.
  7145 | D:8      | Reached skill level 11 in Maces & Flails
  7183 | D:8      | Reached skill level 10 in Fighting
  7308 | D:8      | Found a runed translucent gate.
  7309 | D:8      | Found a runed translucent gate.
  7309 | D:8      | Found a runed translucent gate.
  7313 | D:8      | Noticed DeathSocks's ghost (novice DsBr)
  7369 | D:8      | Reached XP level 10. HP: 72/83 MP: 9/9
  8479 | D:9      | Reached skill level 12 in Maces & Flails
  8736 | D:10     | Entered Level 10 of the Dungeon
  8739 | D:10     | Reached **** piety under Trog
  8925 | D:10     | Noticed a gargoyle
  8934 | D:10     | Killed a gargoyle
  9165 | D:10     | Noticed a two-headed ogre
  9174 | D:10     | Killed a two-headed ogre
  9353 | D:10     | Noticed Fannar
  9359 | D:10     | Killed Fannar
  9360 | D:10     | Reached skill level 13 in Maces & Flails
  9360 | D:10     | Reached XP level 11. HP: 93/93 MP: 10/10
  9594 | D:10     | Found an ancient bone altar of Kikubaaqudgha.
  9978 | D:11     | Found a staircase to the Lair.
 10182 | D:11     | Noticed a two-headed ogre
 10186 | D:11     | Killed a two-headed ogre
 10676 | D:11     | Noticed a two-headed ogre
 10683 | D:11     | Killed a two-headed ogre
 11402 | D:12     | Found a runed translucent gate.
 11402 | D:12     | Found a runed translucent gate.
 11402 | D:12     | Found a runed translucent gate.
 11408 | D:12     | Noticed grandjackal's ghost (journeyman DsGl)
 11411 | D:12     | Noticed a boulder beetle
 11435 | D:12     | Killed a boulder beetle
 11436 | D:12     | Reached skill level 14 in Maces & Flails
 11601 | D:12     | Noticed a boulder beetle
 11617 | D:12     | Killed a boulder beetle
 11623 | D:12     | Noticed a boulder beetle
 11633 | D:12     | Killed a boulder beetle
 11639 | D:12     | Noticed Psyche
 11643 | D:12     | Killed Psyche
 11812 | D:12     | Noticed a purple ugly thing
 11822 | D:12     | Killed a purple ugly thing
 11823 | D:12     | Reached XP level 12. HP: 104/104 MP: 11/11
 12138 | D:12     | Reached ***** piety under Trog
 12325 | D:12     | Found a staircase to the Orcish Mines.
 12478 | D:13     | Reached skill level 15 in Maces & Flails
 12556 | Lair:1   | Entered Level 1 of the Lair of Beasts
 12581 | Lair:1   | Noticed Erica
 12605 | Lair:1   | Killed Erica
 12606 | Lair:1   | Reached skill level 10 in Armour
 12902 | Lair:1   | Noticed Gastronok
 12917 | Lair:1   | Killed Gastronok
 13139 | Lair:1   | Noticed a boulder beetle
 13156 | Lair:1   | Killed a boulder beetle
 13329 | Lair:1   | Received a gift from Trog
 13609 | Lair:2   | Reached skill level 15 in Fighting
 13810 | Lair:2   | Found a staircase to the Snake Pit.
 13875 | Lair:2   | You fall into a shaft and drop 1 floor!
 13875 | Lair:3   | Found a staircase to the Swamp.
 13895 | Lair:3   | Reached skill level 16 in Maces & Flails
 14497 | Lair:3   | Reached skill level 1 in Shields
 14534 | Lair:3   | Reached skill level 1 in Evocations
 14541 | Lair:3   | Reached XP level 13. HP: 114/114 MP: 12/12
 14619 | Lair:3   | Noticed Nergalle
 14628 | Lair:3   | Killed Nergalle
 15455 | Lair:4   | Reached skill level 5 in Shields
 15611 | Lair:4   | Reached skill level 5 in Evocations
 16471 | Orc:1    | Entered Level 1 of the Orcish Mines
 16979 | Orc:1    | HP: 2/114 [soul eater[an orc high priest] (19)]
 16982 | Orc:1    | Killed from afar by a ynoxinul

Illustrated notes

Levels and vault maps discovered:
D:1:      erik_arrival_cave_to_civilisation [erik_arrival_cave_to_temple],
          layout_basic
D:2:      layout_basic, serial_shops, nicolae_shop_window_shopping
D:3:      layout_loops_cross, gammafunk_temple_overflow_wave, serial_shops, shop
D:4:      layout_basic, grunt_qazlal_clouds, serial_bayou_pond_c,
          grunt_ministairs_2, uniq_crazy_yiuf_cottage
D:5:      layout_loops_ring, uniq_menkaure, uniq_ijyb, uniq_blork_the_orc
D:6:      minmay_general_purpose_star, layout_loops_cross,
          gammafunk_temple_overflow_pools, hangedman_abyss_or_decor_stabs
D:7:      layout_basic, mainiacjoe_overflow_small_starburst, old_standard_altar,
          minmay_temple_entry_crystal_x, serial_shops, shop
D:8:      layout_loops_corners, gammafunk_ghost_spectres
D:9:      layout_rooms, minmay_misc_feat_ornament
D:10:     layout_loops_ring, kiku_gazebo_garden_becter, uniq_fannar
D:11:     layout_basic, erik_lair_island
D:12:     layout_irregular_city, hiddenorc1_lemuel, gammafunk_ghost_necromancy,
          uniq_psyche
D:13:     layout_basic
Lair:1:   layout_roguey, uniq_gastronok, uniq_erica
Lair:2:   layout_gridlike, guppyfry_snake_entry_garden,
          chequers_serial_rivers_micro_d, grunt_megastairs_4
Lair:3:   layout_roguey, swamp_mist_pool, nicolae_quartered_pool_little,
          fungi_pond_lemuel, lemuel_fruit_tree, infiniplex_staircase_pool_2,
          serial_bayou_shore_b, uniq_nergalle
Lair:4:   layout_loops_ring, beast_lair_carwin_1, serial_bayou_shore_b
Orc:1:    layout_diamond_mine, regret_index_minedec_devilstone

Skill      XL: |  1  2  3  4  5  6  7  8  9 10 11 12 13 |
---------------+----------------------------------------+-----
Maces & Flails | 4 5 6 7 8 9 11 13 14 16 | 16.0
Fighting       | 4 5 6 8 10 12 13 15 | 15.3
Armour         | 3 4 5 7 8 9 10 | 10.7
Dodging        | 3 4 5 6 7 8 9 |  9.9
Shields        | 1 9 |  9.0
Evocations     | 1 6 |  6.8

Action                     |  1- 3 |  4- 6 |  7- 9 | 10-12 | 13-15 || total
---------------------------+-------+-------+-------+-------+-------++-------
  Melee: Mace              |    49 |    91 |   205 |       |       ||   345
         Headbutt          |    12 |    11 |    38 |   139 |    74 ||   274
         Punch             |       |     3 |     2 |       |       ||     5
         Kick              |       |     5 |    57 |       |       ||    62
         Morningstar       |       |       |    57 |   115 |       ||   172
         Flail             |       |       |       |   539 |   282 ||   821
 Invoke: Berserk           |       |     2 |     6 |     9 |     3 ||    20
         Brothers in Arms  |       |       |       |       |     2 ||     2
  Evoke: Wand              |       |       |       |       |     1 ||     1
    Use: Scroll            |     2 |    10 |     4 |    12 |     3 ||    31
         Potion            |       |     2 |       |     1 |     2 ||     5
 Armour: Animal skin       |    24 |       |       |       |       ||    24
         Scale mail        |       |    51 |    41 |    51 |   114 ||   257
         Chain mail        |       |       |    97 |   207 |       ||   304
  Dodge: Dodged            |    35 |    41 |   169 |   313 |   189 ||   747
  Block: Buckler           |       |       |    64 |   234 |   195 ||   493
         Reflection        |       |       |       |     6 |     4 ||    10

Table legend: (Time is in decaauts)
 A = Elapsed time spent in this place.
 B = Non-inter-level travel time spent in this place.
 C = Inter-level travel time spent in this place.
 D = Time resting spent in this place.
 E = Time spent auto-exploring this place.
 F = Levels seen in this place.
 G = Mean time per level.
                   A        B        C        D        E       F      G
               +--------+--------+--------+--------+--------+-----+--------+
         Total |  16961 |  16361 |    600 |   3193 |  10396 |  18 |  942.3 |
       Dungeon |  12680 |  12211 |    469 |   2646 |   7542 |  13 |  975.4 |
          Lair |   3778 |   3648 |    130 |    429 |   2628 |   4 |  944.5 |
  Orcish Mines |    502 |    502 |      0 |    117 |    225 |   1 |  502.0 |
               +--------+--------+--------+--------+--------+-----+--------+

Top non-repeatable levels by time:
    D:11: 1618 daAuts
     D:8: 1288 daAuts
     D:4: 1257 daAuts
    D:10: 1081 daAuts
     D:1: 1074 daAuts
  Lair:3: 1060 daAuts
    D:12: 1028 daAuts
     D:6: 999 daAuts
     D:5: 958 daAuts
     D:7: 944 daAuts
  Lair:1: 939 daAuts
  Lair:4: 924 daAuts
     D:2: 872 daAuts
  Lair:2: 854 daAuts
     D:3: 742 daAuts
